 Dungeon Crawl Stone Soup version 0.29-a0-643-ga013cefcf8 (webtiles) character file.

Game seed: 8134801979485252873

1173 avis the Chiller (level 7, -3/62 HPs)
             Began as a Demigod Ice Elementalist on June 19, 2022.
             Slain by a gnoll
             ... wielding a +0 spear
             ... led by a gnoll sergeant
              (7 damage)
             ... on level 6 of the Dungeon.
             The game lasted 00:35:07 (6822 turns).

avis the Chiller (Demigod Ice Elementalist)         Turns: 6822, Time: 00:35:08

Health: -3/62      AC:  4    Str:  9    XL:     7   Next: 97%
Magic:  16/16      EV: 14    Int: 23    God:
Gold:   338        SH:  0    Dex: 22    Spells: 10/14 levels left

rFire   + . .      SeeInvis .   b - +0 hunting sling
rCold   + . .      Faith    .   (no shield)
rNeg    . . .      Spirit   .   s - +0 robe
rPois   +          Reflect  .   C - +0 helmet
rElec   +          Harm     .   (no cloak)
rCorr   +          Rampage  .   p - +0 pair of gloves
Will    .....                   (no boots)
Stlth   ++........              (no amulet)
HPRegen 0.20/turn               J - +6 ring of intelligence
MPRegen 0.15/turn               (no ring)

@: resistant
A: high MP 1, forlorn, divine attributes
a: no special abilities


You were on level 6 of the Dungeon.
You visited 2 branches of the dungeon, and saw 7 of its levels.

You collected 338 gold pieces.

Inventory:

Hand Weapons
 a - the +7 short sword "Dynoeshu" {drain, rN++ Will- rCorr Dex+2}
   (You found it on level 2 of the Dungeon)

   A truly terrible weapon, it drains the life of any living foe it strikes.
   Dex:       It affects your dexterity (+2).
   rN:        It greatly protects you from negative energy.
   rCorr:     It protects you from acid and corrosion.
   Will:      It decreases your willpower.
 b - a +0 hunting sling (weapon)
 c - a +1 dagger of protection
 w - a +0 long sword
Missiles
 v - a throwing net
Armour
 p - a +0 pair of gloves (worn)
 s - a +0 robe (worn)
 C - a +0 helmet (worn)
Jewellery
 J - a +6 ring of intelligence (left hand)
Wands
 K - a wand of iceblast (14)
Scrolls
 e - a scroll of amnesia {unknown}
 h - 3 scrolls of vulnerability {unknown}
 i - a scroll of torment {unknown}
 j - 2 scrolls of enchant armour {unknown}
 k - a scroll of identify
 l - a scroll of fog {unknown}
 m - 3 scrolls of immolation {unknown}
 q - 2 scrolls of fear {unknown}
 r - 4 scrolls of teleportation {unknown}
 A - a scroll of brand weapon {unknown}
 B - a scroll of noise {unknown}
 E - a scroll of acquirement {unknown}
 I - a scroll of poison {unknown}
Potions
 d - 2 potions of haste {unknown}
 f - 2 potions of lignification
 g - a potion of brilliance
 n - a potion of heal wounds
 t - 2 potions of resistance
 G - 2 potions of magic
 H - a potion of might


   Skills:
 * Level 5.7 Fighting
 - Level 3.0 Dodging
 - Level 2.0 Stealth
 - Level 4.0 Spellcasting
 - Level 6.0 Ice Magic


You had 10 spell levels left.
You knew the following spells:

 Your Spells              Type           Power      Damage    Failure   Level
a - Freeze                Ice            100%       1d11      1%          1
o - Ozocubu's Armour      Ice            32%        N/A       2%          3

Your spell library contained the following spells:

 Spells                   Type           Power      Damage    Failure   Level
 Frozen Ramparts          Ice            64%        1d8       2%          3
 Hailstorm                Conj/Ice       18%        3d6       30%         4


Dungeon Overview and Level Annotations

Branches:
Dungeon (6/15)             Temple (1/1) D:5

Shops:
D:4 =

Annotations:
D:4 2 transporters, shoop's ghost, amateur MeTm


Innate Abilities, Weirdness & Mutations

You have an increased reservoir of magic. (+10% MP)
You shall have no god before yourself.
Your divine heritage dramatically boosts your attributes as you level up.


Message History

You puncture the gnoll!
You kill the gnoll!
The gnoll hits you from afar with a +0 spear.
* * * LOW HITPOINT WARNING * * *
The gnoll throws a stone.
The stone hits you but does no damage.
b - a +0 hunting sling (weapon)
Fire: b) +0 hunting sling
Press: ? - help, Q - select action, (/) - cycle Shift-Dir - straight line, f - gnoll
Aim: a gnoll, wielding a +0 spear and quivering stones (66% to hit)
You shoot a sling bullet.
The sling bullet hits the gnoll but does no damage.
The gnoll throws a stone.
The stone closely misses you.
The gnoll throws a stone.
The stone closely misses you.
Fire: b) +0 hunting sling
Press: ? - help, Q - select action, (/) - cycle Shift-Dir - straight line, f/p - gnoll
Aim: a gnoll, wielding a +0 spear and quivering stones (66% to hit)
You shoot a sling bullet.
The sling bullet hits the gnoll but does no damage.
The gnoll misses you.
Fire: b) +0 hunting sling
Press: ? - help, Q - select action, (/) - cycle Shift-Dir - straight line, f/p - gnoll
Aim: a gnoll, wielding a +0 spear and quivering stones (66% to hit)
You shoot a sling bullet. The sling bullet hits the gnoll.
The gnoll is heavily wounded.
The gnoll closely misses you.
The gnoll throws a stone.
The stone closely misses you.
Fire: b) +0 hunting sling
Press: ? - help, Q - select action, (/) - cycle Shift-Dir - straight line, f/p - gnoll
Aim: a gnoll, wielding a +0 spear and quivering stones (heavily wounded, 66% to hit)
You shoot a sling bullet. The sling bullet hits the gnoll.
The gnoll is heavily wounded.
The gnoll misses you.
Fire: b) +0 hunting sling
Press: ? - help, Q - select action, (/) - cycle Shift-Dir - straight line, f/p - gnoll
Aim: a gnoll, wielding a +0 spear and quivering stones (heavily wounded, 66% to hit)
You shoot a sling bullet. The sling bullet hits the gnoll.
The gnoll is almost dead.
The gnoll closely misses you.
The gnoll hits you from afar with a +0 spear!
You die...

.... #..##
.....##...
#.#..#....
#........
....... #.#g)#
#...)### #
##.†@..# #
#.....##.######
# ### ####.#
#......# # ...
#.###.####.# #
.##.# #.....# #
.##.# ###.###
## .##.# #.# #
#. .##.#
#.##### #. #.
.##.# #.....#
#..#.


You could see a gnoll.

Vanquished Creatures
  A water moccasin (D:4)
  3 necrophages
  Blork the orc (D:4)
  A gnoll sergeant (D:6)
  A scorpion (D:4)
  2 jellies
  3 orc priests (D:5)
  A hound (D:6)
  5 iguanas
  Natasha (thrice) (D:2)
  2 orc wizards (D:5)
  Ijyb (D:5)
  Robin (D:2)
  6 gnolls
  6 adders
  A white imp (D:5)
  2 ufetubi
  A worm (D:3)
  A dart slug (D:1)
  9 orcs
  8 bats
  6 endoplasms
  5 giant cockroaches
  8 goblins
  12 hobgoblins
  A jackal (D:1)
  4 quokkas
  8 ball pythons
  2 frilled lizards (D:3)
  9 kobolds
  7 rats
121 creatures vanquished.

Vanquished Creatures (others)
  21 plants
21 creatures vanquished.

Grand Total: 142 creatures vanquished

Notes
Turn   | Place    | Note
-------+----------+-------------------------------------------
     0 | D:1      | avis the Demigod Ice Elementalist began the quest for the
                  | Orb.
     0 | D:1      | Reached XP level 1. HP: 14/14 MP: 5/5
   327 | D:1      | Reached skill level 4 in Ice Magic
   430 | D:1      | Reached XP level 2. HP: 18/20 MP: 5/7
  1220 | D:2      | Reached XP level 3. HP: 26/26 MP: 4/8
  1224 | D:2      | Learned a level 3 spell: Ozocubu's Armour
  1706 | D:2      | Identified the +7 short sword "Dynoeshu" {drain, rN++ Will-
                  | rCorr Dex+2}
  1763 | D:2      | Noticed Natasha
  1769 | D:2      | Killed Natasha
  1770 | D:2      | Reached skill level 5 in Ice Magic
  1883 | D:2      | Noticed Natasha
  1914 | D:2      | Killed Natasha
  1915 | D:2      | Reached XP level 4. HP: 33/33 MP: 2/10
  1938 | D:2      | Noticed Natasha
  1944 | D:2      | Killed Natasha
  2624 | D:3      | Reached XP level 5. HP: 38/38 MP: 8/12
  3124 | D:3      | Noticed Robin
  3496 | D:2      | Killed Robin
  3903 | D:4      | Noticed Blork the orc
  3915 | D:4      | Killed Blork the orc
  3916 | D:4      | Reached skill level 6 in Ice Magic
  4228 | D:4      | Found Ucorudd's Jewellery Boutique.
  4275 | D:4      | Noticed shoop's ghost (amateur MeTm)
  4436 | D:4      | Noticed a steam dragon
  4437 | D:4      | Found a transporter.
  4441 | D:4      | Found a transporter.
  4605 | D:4      | Noticed a water moccasin
  4616 | D:4      | Killed a water moccasin
  4617 | D:4      | Reached XP level 6. HP: 26/46 MP: 8/15
  5063 | D:5      | Entered Level 5 of the Dungeon
  5071 | D:5      | Reached skill level 1 in Fighting
  5108 | D:5      | Noticed Ijyb
  5116 | D:5      | Killed Ijyb
  5154 | D:5      | Found a staircase to the Ecumenical Temple.
  5401 | D:5      | Reached XP level 7. HP: 51/57 MP: 12/16
  5403 | Temple   | Entered the Ecumenical Temple
  6587 | D:6      | Reached skill level 5 in Fighting
  6816 | D:6      | HP: 3/62 [gnoll/+0 spear[a gnoll sergeant] (2)]
  6822 | D:6      | Slain by a gnoll

Illustrated notes

Levels and vault maps discovered:
D:1:      moated_graveyard_arrival, layout_loops_cross,
          shapermc_ecumenical_altar_flowoftime, minmay_splitting_lines,
          serial_bayou_pond_c, minmay_pentomino_w4
D:2:      layout_loops_ring, uniq_natasha
D:3:      layout_loops_cross, serial_bayou_lake_a, uniq_robin
D:4:      layout_basic, serial_shops, shop, gammafunk_ghost_arena,
          uniq_blork_the_orc
D:5:      layout_basic, mainiacjoe_overflow_alcove_4,
          mainiacjoe_overflow_tiny_flanked, nicolae_overflow_squiral,
          minmay_temple_entry_butterflies, uniq_ijyb
D:6:      layout_loops_ring, grunt_dithmenos_smoke_and_mirrors,
          grunt_decor_one_mirror
Temple:   minmay_temple_bridge_abc

Skill      XL: |  1  2  3  4  5  6  7 |
---------------+----------------------+-----
Ice Magic      | 4 5 6 |  6.0
Spellcasting   | 2 3 4 |  4.0
Fighting       | 3 5 |  5.7
Dodging        | 2 3 |  3.0
Stealth        | 2 |  2.0

Action                   |  1- 3 |  4- 6 |  7- 9 || total
-------------------------+-------+-------+-------++-------
Melee: Long sword        |     9 |       |       ||     9
       Short sword       |     5 |    81 |    37 ||   123
       Punch             |       |       |     1 ||     1
 Fire: Hunting sling     |       |     8 |    68 ||    76
Throw: Dart              |       |     3 |       ||     3
       Throwing net      |       |       |     1 ||     1
 Cast: Freeze            |    53 |    58 |    26 ||   137
       Ozocubu's Armour  |     1 |    23 |    15 ||    39
  Use: Scroll            |       |     6 |     1 ||     7
       Potion            |       |       |     4 ||     4
 Stab: Sleeping          |     3 |     3 |       ||     6
Armor: Robe              |    10 |    42 |    22 ||    74
Dodge: Dodged            |    35 |    82 |    71 ||   188

Table legend: (Time is in decaauts)
 A = Elapsed time spent in this place.
 B = Non-inter-level travel time spent in this place.
 C = Inter-level travel time spent in this place.
 D = Time resting spent in this place.
 E = Time spent auto-exploring this place.
 F = Levels seen in this place.
 G = Mean time per level.
                   A        B        C        D        E       F      G
               +--------+--------+--------+--------+--------+-----+--------+
         Total |   6962 |   6502 |    460 |   1992 |   3110 |   7 |  994.6 |
       Dungeon |   6952 |   6492 |    460 |   1992 |   3110 |   6 | 1158.7 |
        Temple |      9 |      9 |      0 |      0 |      0 |   1 |    9.0 |
               +--------+--------+--------+--------+--------+-----+--------+

Top non-repeatable levels by time:
     D:3: 1723 daAuts
     D:2: 1322 daAuts
     D:4: 1202 daAuts
     D:1: 1189 daAuts
     D:5: 1069 daAuts
     D:6: 446 daAuts
  Temple: 9 daAuts
